WCHLSIM.com - West Coast Hockey League
html PUBLIC "-//W3C//DTD XHTML 1.0 Transitional//EN" "http://www.w3.org/TR/xhtml1/DTD/xhtml1-transitional.dtd"> WCHL - Game 131 - LONG BEACH BARACUDAS vs BOISE CARIBOUS

LONG BEACH BARACUDAS vs BOISE CARIBOUS

Created - 30 octobre 2022 at 22:49

Goals
1 2 3 T
LONG BEACH BARACUDAS 1 2 0 3
BOISE CARIBOUS 0 1 0 1
Shots
1 2 3 T
LONG BEACH BARACUDAS 9 10 8 27
BOISE CARIBOUS 7 6 12 25

1st period

1. LONG BEACH BARACUDAS , William Karlsson 3 (Arthur Kaliyev 1, Jared Spurgeon 4) at 8:02

Penalties :
Brock McGinn (LOB) for Roughing (Minor) at 2:17, Charlie Coyle (BOI) for Interference (Minor) at 5:31, Ryan Murray (LOB) for Interference (Minor) at 5:31, Oliver Kylington (BOI) for High sticking (Minor) at 11:06

2nd period

2. LONG BEACH BARACUDAS , Alex Pietrangelo 1 (Nicklas Backstrom 1, William Karlsson 6) at 2:34 (PP)
3. LONG BEACH BARACUDAS , Brock Nelson 5 (Seth Jarvis 4, Martin Jones) at 3:32
4. BOISE CARIBOUS , Tim Stutzle 3 (Artturi Lehkonen 3) at 17:41

Penalties :
Moritz Seider (BOI) for Hooking (Minor) at 0:40, Dmitry Kulikov (BOI) for Hooking (Minor) at 1:32, Rasmus Dahlin (BOI) for Holding (Minor) at 7:28, Lawson Crouse (BOI) for Hooking (Minor) at 18:29

3rd period

No Goal

Penalties :
Stefan Noesen (BOI) for Hooking (Minor) at 1:19, Taylor Hall (LOB) for Hooking (Minor) at 6:34, Alex Pietrangelo (LOB) for Hooking (Minor) at 12:20, Brock Nelson (LOB) for Hooking (Minor) at 14:46

Goalie Stats

Martin Jones (LOB), 24 saves from 25 shots - (0,960), W, 1-0-0, 60:00 minutes
Antti Raanta (BOI), 24 saves from 27 shots - (0,889), L, 1-1-1, 60:00 minutes

Players Stats for LONG BEACH BARACUDAS

Player Name              G  A  P  +/- PIM S  H  SB GA TA FO     MP     PP MP  PK MP  
------------------------------------------------------------------------------------
Alex Pietrangelo         1  0  1  -1  2   2  0  2  0  0  0/0    20:43   5:58   0:00 
Arthur Kaliyev           0  1  1   1  0   1  1  0  0  0  0/0    12:30   0:13   0:00 
Boris Katchouk           0  0  0   0  0   0  2  0  0  0  0/0     3:28   0:00   0:00 
Brock McGinn             0  0  0   0  2   3  0  0  0  0  0/0     8:29   0:00   0:00 
Brock Nelson             1  0  1   0  2   6  0  0  0  0  14/23  20:55   5:00   0:00 
Craig Smith              0  0  0   1  0   2  2  0  0  0  1/1    20:54   5:47   2:50 
Derek Stepan             0  0  0   0  0   0  0  0  0  0  10/15   7:36   0:00   5:01 
Derrick Pouliot          0  0  0   0  0   0  2  0  0  0  0/0    15:13   0:00   3:14 
Jared Spurgeon           0  1  1   2  0   2  0  4  0  0  0/0    19:50   0:00   4:25 
Mitch Reinke             0  0  0   0  0   0  0  0  0  0  0/0    18:53   4:49   0:39 
Nicklas Backstrom        0  1  1   0  0   3  1  0  0  0  6/10   15:39   5:58   0:05 
Nolan Patrick            0  0  0   0  0   0  0  0  0  0  4/6     3:43   0:00   2:50 
P.K. Subban              0  0  0   0  0   0  3  0  0  0  0/0    19:58   4:49   4:03 
Robert Fabbri            0  0  0   0  0   2  1  0  0  0  0/0    22:17   5:00   5:06 
Ryan Murray              0  0  0   1  2   0  0  0  0  0  0/0    19:23   0:00   3:31 
Seth Jarvis              0  1  1   0  0   2  0  0  0  0  0/2    20:56   5:00   0:00 
Taylor Hall              0  0  0   0  2   3  0  0  0  0  1/2    21:29   5:34   0:00 
William Karlsson         1  1  2   1  0   1  0  0  0  0  14/22  18:04   5:47   0:00 

Players Stats for BOISE CARIBOUS

Player Name              G  A  P  +/- PIM S  H  SB GA TA FO     MP     PP MP  PK MP  
------------------------------------------------------------------------------------
Andre Burakovsky         0  0  0  -1  0   1  0  0  0  0  0/2    19:28   4:14   0:00 
Artturi Lehkonen         0  1  1   0  0   1  0  0  0  0  0/0    15:29   0:00   5:49 
Chad Ruhwedel            0  0  0   0  0   1  0  0  0  0  0/0    18:02   0:00   5:26 
Charlie Coyle            0  0  0  -1  2   2  1  0  0  0  16/32  19:31   4:14   0:04 
Danton Heinen            0  0  0   0  0   0  0  0  0  0  0/1    13:22   3:42   0:00 
Dmitry Kulikov           0  0  0   0  2   1  1  1  0  0  0/0    15:47   0:00   3:52 
Dylan DeMelo             0  0  0  -1  0   0  0  2  0  0  0/0    17:21   0:00   4:10 
Jean-Gabriel Pageau      0  0  0   0  0   2  0  0  0  0  7/13   16:47   0:00   4:48 
Jesperi Kotkaniemi       0  0  0   0  0   2  0  0  0  0  3/13   10:19   0:00   5:55 
Lawson Crouse            0  0  0   0  2   3  0  0  0  0  0/0    15:40   3:42   0:00 
Michael Raffl            0  0  0   0  0   0  0  0  0  0  0/0     3:39   0:00   0:00 
Moritz Seider            0  0  0   0  2   2  4  0  0  0  0/0    25:49   5:00   5:20 
Nick Schmaltz            0  0  0  -1  0   6  1  0  0  0  0/0    20:13   4:14   0:00 
Oliver Kylington         0  0  0  -1  2   2  1  0  0  0  0/0    17:36   2:56   0:49 
Rasmus Dahlin            0  0  0   0  2   0  2  1  0  0  0/0    22:25   5:00   1:56 
Stefan Noesen            0  0  0   0  2   0  1  0  0  0  0/2    13:40   2:56   0:00 
Tim Stutzle              1  0  1   0  0   1  1  0  0  0  4/17   13:22   3:42   0:00 
Zach Parise              0  0  0   0  0   1  0  0  0  0  1/1     7:35   0:00   3:56 

3 Stars

1 - William Karlsson (LOB)
2 - Martin Jones (LOB)
3 - Jared Spurgeon (LOB)

Power Play

LONG BEACH BARACUDAS - 1 on 6 Attempt(s) - 16,67%
BOISE CARIBOUS - 0 on 4 Attempt(s) - 0,00%

Penalty Kill

LONG BEACH BARACUDAS - 4 on 4 Attempt(s) - 100,00% - Score 0 goal in Penalty Kill
BOISE CARIBOUS - 5 on 6 Attempt(s) - 83,33% - Score 0 goal in Penalty Kill

Team Stat

LONG BEACH BARACUDAS - Hits : 12 - Faceoff Wins : 50 - Blocked Shots : 6 - Penalty Minutes : 10
BOISE CARIBOUS - Hits : 12 - Faceoff Wins : 31 - Blocked Shots : 4 - Penalty Minutes : 14

Official

Referees : Furman South and Michael Markovic
Linesman : Kyle Flemington and Brian Murphy

Game Notes

No Game Note

Finance

Level 1 -- Attendance: 5520 (92,00%) -- Ticket Income 839 040 $
Level 2 -- Attendance: 3804 (76,08%) -- Ticket Income 467 892 $
Level 3 -- Attendance: 1715 (85,75%) -- Ticket Income 157 780 $
Level 4 -- Attendance: 3404 (85,10%) -- Ticket Income 231 472 $
Luxury Box -- Attendance: 915 (91,50%) -- Ticket Income 256 200 $
Total Attendance: 15358 (85,32%)
Total Ticket Income: 1 952 384 $
Other Expense: 19 524 $
Total Income: 1 932 860 $

LONG BEACH BARACUDAS

5 vs 5 Forward 
   Center                   Left Wing                Right Wing               Time % Phy DF OF 
 1 Brock Nelson             Taylor Hall              Seth Jarvis              36     0   2  3  
 2 William Karlsson         Arthur Kaliyev           Craig Smith              31     0   2  3  
 3 Nicklas Backstrom        Robert Fabbri            Brock McGinn             23     0   3  2  
 4 Derek Stepan             Boris Katchouk           Robert Fabbri            10     0   4  1  

5 vs 5 Defense 
   Defense                  Defense                                           Time % Phy DF OF 
 1 Alex Pietrangelo         Ryan Murray                                       36     0   3  2  
 2 Jared Spurgeon           Mitch Reinke                                      31     0   3  2  
 3 Derrick Pouliot          P.K. Subban                                       23     0   4  1  
 4 Ryan Murray              Jared Spurgeon                                    10     0   4  1  

PowerPlay Forward 
   Center                   Left Wing                Right Wing               Time % Phy DF OF 
 1 William Karlsson         Taylor Hall              Craig Smith              55     0   2  3  
 2 Brock Nelson             Robert Fabbri            Seth Jarvis              45     0   2  3  

PowerPlay Defense
   Defense                  Defense                                           Time % Phy DF OF 
 1 Alex Pietrangelo         Nicklas Backstrom                                 55     0   3  2  
 2 P.K. Subban              Mitch Reinke                                      45     0   3  2  

Penalty Kill 4 Players Forward 
   Center                   Wing                     Time % Phy DF OF 
 1 Derek Stepan             Robert Fabbri            55     0   4  1  
 2 Nolan Patrick            Craig Smith              45     0   4  1  

Penalty Kill 4 Players Defense
   Defense                  Defense                  Time % Phy DF OF 
 1 P.K. Subban              Jared Spurgeon           55     1   2  2  
 2 Derrick Pouliot          Ryan Murray              45     0   4  1  

Penalty Kill - 3 Players Forward 
   Forward                                           Time % Phy DF OF 
 1 Nicklas Backstrom                                 55     0   5  0  
 2 Brock Nelson                                      45     0   5  0  

Penalty Kill - 3 Players Defense
   Defense                  Defense                  Time % Phy DF OF 
 1 Mitch Reinke             Jared Spurgeon           55     0   5  0  
 2 P.K. Subban              Ryan Murray              45     0   5  0  

4 vs 4 Forward 
   Center                   Wing                     Time % Phy DF OF 
 1 Nolan Patrick            Boris Katchouk           55     0   2  3  
 2 Nicklas Backstrom        Robert Fabbri            45     0   2  3  

4 vs 4 Defense
   Defense                  Defense                  Time % Phy DF OF 
 1 Alex Pietrangelo         Jared Spurgeon           55     0   2  3  
 2 Jared Spurgeon           Ryan Murray              45     0   2  3  

Last Minutes Offensive
   Center                   Left Wing                Right Wing               Defense                  Defense                  
   William Karlsson         Taylor Hall              Craig Smith              Alex Pietrangelo         Jared Spurgeon           

Last Minutes Defensive
   Center                   Left Wing                Right Wing               Defense                  Defense                  
   William Karlsson         Arthur Kaliyev           Craig Smith              Alex Pietrangelo         Jared Spurgeon           

Goaltenders
Starting : Martin Jones             
Backup : Jake Oettinger           

Extra Forwards
Normal : Nicklas Backstrom, Robert Fabbri, Derek Stepan - PP : Nicklas Backstrom, Robert Fabbri - PK : Craig Smith
Extra Defensemen
Normal : Derrick Pouliot, Mitch Reinke, P.K. Subban - PP : Derrick Pouliot - PK : Mitch Reinke, P.K. Subban
Penalty Shots
William Karlsson, Brock Nelson, Taylor Hall, Seth Jarvis, Nicklas Backstrom
Custom OT Lines Forwards
William Karlsson, Brock Nelson, Taylor Hall, Seth Jarvis, Nicklas Backstrom, Arthur Kaliyev, Derek Stepan, Craig Smith, Robert Fabbri, Brock McGinn
Custom OT Lines Defensemen
Alex Pietrangelo, Jared Spurgeon, P.K. Subban, Ryan Murray, Derrick Pouliot

Scratches
Alexandre Texier (Torn Right ACL Injury), Jaden Schwartz (Abdomen/Ribs Injury)

BOISE CARIBOUS

5 vs 5 Forward 
   Center                   Left Wing                Right Wing               Time % Phy DF OF 
 1 Charlie Coyle            Andre Burakovsky         Nick Schmaltz            37     0   3  2  
 2 Tim Stutzle              Artturi Lehkonen         Danton Heinen            27     0   3  2  
 3 Jean-Gabriel Pageau      Lawson Crouse            Stefan Noesen            27     0   3  2  
 4 Jesperi Kotkaniemi       Michael Raffl            Zach Parise              9      0   4  1  

5 vs 5 Defense 
   Defense                  Defense                                           Time % Phy DF OF 
 1 Rasmus Dahlin            Moritz Seider                                     37     0   3  2  
 2 Oliver Kylington         Dylan DeMelo                                      36     0   4  1  
 3 Dmitry Kulikov           Chad Ruhwedel                                     27     0   4  1  
 4 Chad Ruhwedel            Moritz Seider                                     0      1   2  2  

PowerPlay Forward 
   Center                   Left Wing                Right Wing               Time % Phy DF OF 
 1 Charlie Coyle            Andre Burakovsky         Nick Schmaltz            55     0   1  4  
 2 Tim Stutzle              Lawson Crouse            Danton Heinen            45     1   1  3  

PowerPlay Defense
   Defense                  Defense                                           Time % Phy DF OF 
 1 Moritz Seider            Rasmus Dahlin                                     55     0   2  3  
 2 Oliver Kylington         Stefan Noesen                                     45     0   2  3  

Penalty Kill 4 Players Forward 
   Center                   Wing                     Time % Phy DF OF 
 1 Jesperi Kotkaniemi       Artturi Lehkonen         55     1   3  1  
 2 Jean-Gabriel Pageau      Zach Parise              45     1   4  0  

Penalty Kill 4 Players Defense
   Defense                  Defense                  Time % Phy DF OF 
 1 Dmitry Kulikov           Dylan DeMelo             55     1   2  2  
 2 Moritz Seider            Chad Ruhwedel            45     1   2  2  

Penalty Kill - 3 Players Forward 
   Forward                                           Time % Phy DF OF 
 1 Jean-Gabriel Pageau                               55     1   3  1  
 2 Jesperi Kotkaniemi                                45     1   3  1  

Penalty Kill - 3 Players Defense
   Defense                  Defense                  Time % Phy DF OF 
 1 Chad Ruhwedel            Moritz Seider            55     1   2  2  
 2 Rasmus Dahlin            Dylan DeMelo             45     1   2  2  

4 vs 4 Forward 
   Center                   Wing                     Time % Phy DF OF 
 1 Jean-Gabriel Pageau      Lawson Crouse            55     1   2  2  
 2 Jesperi Kotkaniemi       Nick Schmaltz            45     1   2  2  

4 vs 4 Defense
   Defense                  Defense                  Time % Phy DF OF 
 1 Oliver Kylington         Chad Ruhwedel            55     1   2  2  
 2 Rasmus Dahlin            Moritz Seider            45     1   2  2  

Last Minutes Offensive
   Center                   Left Wing                Right Wing               Defense                  Defense                  
   Charlie Coyle            Andre Burakovsky         Nick Schmaltz            Rasmus Dahlin            Moritz Seider            

Last Minutes Defensive
   Center                   Left Wing                Right Wing               Defense                  Defense                  
   Jean-Gabriel Pageau      Jesperi Kotkaniemi       Andre Burakovsky         Chad Ruhwedel            Moritz Seider            

Goaltenders
Starting : Antti Raanta             
Backup : Ilya Sorokin             

Extra Forwards
Normal : Zach Parise, Jean-Gabriel Pageau, Tim Stutzle - PP : Lawson Crouse, Jean-Gabriel Pageau - PK : Charlie Coyle
Extra Defensemen
Normal : Oliver Kylington, Chad Ruhwedel, Dylan DeMelo - PP : Oliver Kylington - PK : Dmitry Kulikov, Rasmus Dahlin
Penalty Shots
Andre Burakovsky, Nick Schmaltz, Tim Stutzle, Charlie Coyle, Zach Parise
Custom OT Lines Forwards
Charlie Coyle, Andre Burakovsky, Nick Schmaltz, Michael Raffl, Jean-Gabriel Pageau, Zach Parise, Tim Stutzle, Artturi Lehkonen, Lawson Crouse, Jesperi Kotkaniemi
Custom OT Lines Defensemen
Moritz Seider, Rasmus Dahlin, Chad Ruhwedel, Dmitry Kulikov, Oliver Kylington

Scratches
Matt Duchene (Torn Left Knee Ligaments Injury), Rasmus Andersson (Back Surgery Injury)

% Time on Ice - LONG BEACH BARACUDAS

Lines # - Real PCT - Wanted PCT - Time Play
Normal Forward
1 - 41% - 36% - 15:56
2 - 31% - 31% - 12:17
3 - 22% - 23% - 8:30
4 - 7% - 10% - 2:35
Normal Defense
1 - 35% - 36% - 13:40
2 - 31% - 31% - 12:19
3 - 28% - 23% - 11:06
4 - 6% - 10% - 2:13
PP Forward
1 - 54% - 55% - 5:47
2 - 46% - 45% - 5:00
PP Defense
1 - 55% - 55% - 5:58
2 - 45% - 45% - 4:49
PK Forward
1 - 64% - 55% - 5:06
2 - 36% - 45% - 2:50
PK Defense
1 - 56% - 55% - 4:25
2 - 44% - 45% - 3:31
PK3 Forward
1 - 0% - 55%
2 - 0% - 45%
PK3 Defense
1 - 0% - 55%
2 - 0% - 45%
44 Forward
1 - 45% - 55% - 0:53
2 - 55% - 45% - 1:06
44 Defense
1 - 100% - 55% - 1:59
2 - 0% - 45% - 0:00
Last Minute Offensive  - 0:00
Last Minute Defensive  - 0:00
Total
Forward - 60:00
Defense - 60:00

% Time on Ice - BOISE CARIBOUS

Lines # - Real PCT - Wanted PCT - Time Play
Normal Forward
1 - 39% - 37% - 15:14
2 - 25% - 27% - 9:40
3 - 27% - 27% - 10:45
4 - 9% - 9% - 3:39
Normal Defense
1 - 36% - 37% - 14:16
2 - 33% - 36% - 13:07
3 - 30% - 27% - 11:55
4 - 0% - 0% - 0:00
PP Forward
1 - 53% - 55% - 4:14
2 - 47% - 45% - 3:42
PP Defense
1 - 63% - 55% - 5:00
2 - 37% - 45% - 2:56
PK Forward
1 - 60% - 55% - 5:49
2 - 40% - 45% - 3:56
PK Defense
1 - 50% - 55% - 4:50
2 - 50% - 45% - 4:55
PK3 Forward
1 - 84% - 55% - 0:52
2 - 16% - 45% - 0:10
PK3 Defense
1 - 84% - 55% - 0:52
2 - 16% - 45% - 0:10
44 Forward
1 - 62% - 55% - 1:14
2 - 38% - 45% - 0:45
44 Defense
1 - 38% - 55% - 0:45
2 - 62% - 45% - 1:14
Last Minute Offensive  - 0:00
Last Minute Defensive  - 0:00
Total
Forward - 60:00
Defense - 60:00

Play-by-Play

1st period


0:01 of 1st period - Charlie Coyle wins face-off versus Brock Nelson in neutral zone.
1:27 of 1st period - Shot by Danton Heinen.
1:27 of 1st period - Shot Misses the Net.
2:07 of 1st period - Shot by Brock McGinn.
2:07 of 1st period - Stopped by Antti Raanta with a rebound.
2:17 of 1st period - Minor Penalty to Brock McGinn for Roughing.
2:18 of 1st period - Charlie Coyle wins face-off versus Derek Stepan in LONG BEACH BARACUDAS zone.
2:53 of 1st period - Shot by Nick Schmaltz.
2:53 of 1st period - Stopped by Martin Jones without a rebound.
2:54 of 1st period - Nolan Patrick wins face-off versus Tim Stutzle in LONG BEACH BARACUDAS zone.
3:00 of 1st period - Icing by Danton Heinen.
3:01 of 1st period - Tim Stutzle wins face-off versus Nolan Patrick in BOISE CARIBOUS zone.
4:03 of 1st period - Icing by Charlie Coyle.
4:04 of 1st period - Charlie Coyle wins face-off versus Derek Stepan in BOISE CARIBOUS zone.
4:15 of 1st period - Shot by Moritz Seider.
4:15 of 1st period - Shot Blocked by Jared Spurgeon.
4:25 of 1st period - Shot by Jesperi Kotkaniemi.
4:25 of 1st period - Stopped by Martin Jones without a rebound.
4:26 of 1st period - Jean-Gabriel Pageau wins face-off versus Seth Jarvis in LONG BEACH BARACUDAS zone.
5:31 of 1st period - Minor Penalty to Charlie Coyle for Interference.
5:31 of 1st period - Minor Penalty to Ryan Murray for Interference.
5:32 of 1st period - Nolan Patrick wins face-off versus Jean-Gabriel Pageau in LONG BEACH BARACUDAS zone.
6:30 of 1st period - Alex Pietrangelo is hit by Nick Schmaltz and loses puck.
7:39 of 1st period - Off-side.
7:40 of 1st period - Tim Stutzle wins face-off versus William Karlsson in neutral zone.
8:00 of 1st period - Shot by Arthur Kaliyev.
8:00 of 1st period - Shot Blocked by Dylan DeMelo.
8:02 of 1st period - Shot by William Karlsson.
8:02 of 1st period - Goal by William Karlsson - LONG BEACH BARACUDAS : 1 - BOISE CARIBOUS : 0.
8:03 of 1st period - Charlie Coyle wins face-off versus Seth Jarvis in neutral zone.
8:30 of 1st period - Shot by Brock Nelson.
8:30 of 1st period - Stopped by Antti Raanta with a rebound.
9:38 of 1st period - Shot by Nicklas Backstrom.
9:38 of 1st period - Deflect By Brock McGinn.
9:38 of 1st period - Shot Misses the Net.
9:40 of 1st period - Shot by Brock McGinn.
9:40 of 1st period - Stopped by Antti Raanta without a rebound.
9:41 of 1st period - Jean-Gabriel Pageau wins face-off versus Nicklas Backstrom in BOISE CARIBOUS zone.
10:45 of 1st period - Icing by Oliver Kylington.
10:46 of 1st period - William Karlsson wins face-off versus Jean-Gabriel Pageau in BOISE CARIBOUS zone.
10:49 of 1st period - Shot by Craig Smith.
10:49 of 1st period - Shot Misses the Net.
11:06 of 1st period - Minor Penalty to Oliver Kylington for High sticking.
11:07 of 1st period - Brock Nelson wins face-off versus Jesperi Kotkaniemi in BOISE CARIBOUS zone.
11:08 of 1st period - Shot by Nicklas Backstrom.
11:08 of 1st period - Stopped by Antti Raanta with a rebound.
11:48 of 1st period - Icing by Seth Jarvis.
11:49 of 1st period - Brock Nelson wins face-off versus Jesperi Kotkaniemi in LONG BEACH BARACUDAS zone.
12:06 of 1st period - Shot by Jean-Gabriel Pageau.
12:06 of 1st period - Shot Misses the Net.
12:54 of 1st period - Icing by P.K. Subban.
12:55 of 1st period - Zach Parise wins face-off versus William Karlsson in LONG BEACH BARACUDAS zone.
13:08 of 1st period - Andre Burakovsky is hit by Boris Katchouk and loses puck.
13:22 of 1st period - Icing by Jared Spurgeon.
13:23 of 1st period - Derek Stepan wins face-off versus Charlie Coyle in LONG BEACH BARACUDAS zone.
13:32 of 1st period - Shot by Robert Fabbri.
13:32 of 1st period - Stopped by Antti Raanta without a rebound.
13:33 of 1st period - William Karlsson wins face-off versus Tim Stutzle in BOISE CARIBOUS zone.
14:23 of 1st period - Icing by William Karlsson.
14:24 of 1st period - Charlie Coyle wins face-off versus William Karlsson in LONG BEACH BARACUDAS zone.
14:25 of 1st period - Shot by Andre Burakovsky.
14:25 of 1st period - Shot Misses the Net.
14:27 of 1st period - Shot by Charlie Coyle.
14:27 of 1st period - Stopped by Martin Jones without a rebound.
14:28 of 1st period - Charlie Coyle wins face-off versus Brock Nelson in LONG BEACH BARACUDAS zone.
14:43 of 1st period - Shot by Brock Nelson.
14:43 of 1st period - Stopped by Antti Raanta with a rebound.
15:02 of 1st period - Icing by Nick Schmaltz.
15:03 of 1st period - Charlie Coyle wins face-off versus Nicklas Backstrom in BOISE CARIBOUS zone.
15:44 of 1st period - Shot by Jean-Gabriel Pageau.
15:44 of 1st period - Shot Blocked by Alex Pietrangelo.
15:46 of 1st period - Shot by Moritz Seider.
15:46 of 1st period - Stopped by Martin Jones without a rebound.
15:47 of 1st period - Brock Nelson wins face-off versus Tim Stutzle in LONG BEACH BARACUDAS zone.
16:42 of 1st period - Icing by Artturi Lehkonen.
16:43 of 1st period - Craig Smith wins face-off versus Tim Stutzle in BOISE CARIBOUS zone.
16:46 of 1st period - Shot by Craig Smith.
16:46 of 1st period - Stopped by Antti Raanta without a rebound.
16:47 of 1st period - William Karlsson wins face-off versus Charlie Coyle in BOISE CARIBOUS zone.
17:06 of 1st period - Icing by Alex Pietrangelo.
17:07 of 1st period - William Karlsson wins face-off versus Jean-Gabriel Pageau in LONG BEACH BARACUDAS zone.
17:22 of 1st period - Shot by Arthur Kaliyev.
17:22 of 1st period - Stopped by Antti Raanta with a rebound.
17:24 of 1st period - Shot by Ryan Murray.
17:24 of 1st period - Shot Misses the Net.
17:39 of 1st period - Arthur Kaliyev is hit by Oliver Kylington.
18:04 of 1st period - Shot by Nick Schmaltz.
18:04 of 1st period - Stopped by Martin Jones without a rebound.
18:05 of 1st period - Nicklas Backstrom wins face-off versus Andre Burakovsky in LONG BEACH BARACUDAS zone.
18:31 of 1st period - Off-side.
18:32 of 1st period - Taylor Hall wins face-off versus Jesperi Kotkaniemi in neutral zone.
18:56 of 1st period - Shot by Zach Parise.
18:56 of 1st period - Shot Misses the Net.
19:02 of 1st period - Shot by Zach Parise.
19:02 of 1st period - Stopped by Martin Jones with a rebound.
19:04 of 1st period - Shot by Jesperi Kotkaniemi.
19:04 of 1st period - Shot Blocked by Jared Spurgeon.
19:06 of 1st period - Shot by Chad Ruhwedel.
19:06 of 1st period - Stopped by Martin Jones without a rebound.
19:07 of 1st period - Nicklas Backstrom wins face-off versus Charlie Coyle in LONG BEACH BARACUDAS zone.
19:52 of 1st period - Andre Burakovsky is hit by Nicklas Backstrom and loses puck.
19:58 of 1st period - Off-side.
19:59 of 1st period - Brock Nelson wins face-off versus Stefan Noesen in neutral zone.
Goals for this period are 1 for LONG BEACH BARACUDAS vs 0 for BOISE CARIBOUS.
Shots for this period are 9 for LONG BEACH BARACUDAS vs 7 for BOISE CARIBOUS.

2nd period


0:01 of 2nd period - Charlie Coyle wins face-off versus Brock Nelson in neutral zone.
0:14 of 2nd period - Shot by Taylor Hall.
0:14 of 2nd period - Shot Misses the Net.
0:40 of 2nd period - Minor Penalty to Moritz Seider for Hooking.
0:41 of 2nd period - William Karlsson wins face-off versus Jesperi Kotkaniemi in BOISE CARIBOUS zone.
1:03 of 2nd period - Taylor Hall is hit by Dmitry Kulikov and loses puck.
1:30 of 2nd period - Dmitry Kulikov is hit by Robert Fabbri and loses puck.
1:32 of 2nd period - Minor Penalty to Dmitry Kulikov for Hooking.
1:33 of 2nd period - Brock Nelson wins face-off versus Jean-Gabriel Pageau in BOISE CARIBOUS zone.
1:34 of 2nd period - Shot by Seth Jarvis.
1:34 of 2nd period - Deflect By Brock Nelson.
1:34 of 2nd period - Stopped by Antti Raanta without a rebound.
1:35 of 2nd period - Jean-Gabriel Pageau wins face-off versus Brock Nelson in BOISE CARIBOUS zone.
2:32 of 2nd period - Shot by Nicklas Backstrom.
2:32 of 2nd period - Shot Misses the Net.
2:34 of 2nd period - Shot by Alex Pietrangelo.
2:34 of 2nd period - Goal by Alex Pietrangelo - LONG BEACH BARACUDAS : 2 - BOISE CARIBOUS : 0.
2:35 of 2nd period - William Karlsson wins face-off versus Jesperi Kotkaniemi in neutral zone.
3:32 of 2nd period - Shot by Brock Nelson.
3:32 of 2nd period - Goal by Brock Nelson - LONG BEACH BARACUDAS : 3 - BOISE CARIBOUS : 0.
3:33 of 2nd period - Charlie Coyle wins face-off versus Derek Stepan in neutral zone.
3:50 of 2nd period - Shot by Charlie Coyle.
3:50 of 2nd period - Stopped by Martin Jones without a rebound.
3:51 of 2nd period - William Karlsson wins face-off versus Tim Stutzle in LONG BEACH BARACUDAS zone.
3:59 of 2nd period - William Karlsson is hit by Moritz Seider and loses puck.
4:21 of 2nd period - Shot by William Karlsson.
4:21 of 2nd period - Shot Misses the Net.
4:34 of 2nd period - Icing by Moritz Seider.
4:35 of 2nd period - Nicklas Backstrom wins face-off versus Tim Stutzle in BOISE CARIBOUS zone.
4:35 of 2nd period - Brock McGinn is hit by Rasmus Dahlin and loses puck.
4:38 of 2nd period - Shot by Brock McGinn.
4:38 of 2nd period - Stopped by Antti Raanta with a rebound.
4:52 of 2nd period - Shot by Nicklas Backstrom.
4:52 of 2nd period - Stopped by Antti Raanta without a rebound.
4:53 of 2nd period - Brock Nelson wins face-off versus Jean-Gabriel Pageau in BOISE CARIBOUS zone.
5:07 of 2nd period - Shot by Seth Jarvis.
5:07 of 2nd period - Shot Misses the Net.
5:09 of 2nd period - Shot by Taylor Hall.
5:09 of 2nd period - Shot Blocked by Dylan DeMelo.
5:11 of 2nd period - Shot by Taylor Hall.
5:11 of 2nd period - Stopped by Antti Raanta without a rebound.
5:12 of 2nd period - Nicklas Backstrom wins face-off versus Charlie Coyle in BOISE CARIBOUS zone.
5:42 of 2nd period - Icing by Dmitry Kulikov.
5:43 of 2nd period - Brock Nelson wins face-off versus Charlie Coyle in BOISE CARIBOUS zone.
5:53 of 2nd period - Icing by Dmitry Kulikov.
5:54 of 2nd period - William Karlsson wins face-off versus Charlie Coyle in BOISE CARIBOUS zone.
6:41 of 2nd period - Icing by Charlie Coyle.
6:42 of 2nd period - Charlie Coyle wins face-off versus Brock Nelson in BOISE CARIBOUS zone.
7:23 of 2nd period - Shot by Lawson Crouse.
7:23 of 2nd period - Stopped by Martin Jones without a rebound.
7:24 of 2nd period - Derek Stepan wins face-off versus Tim Stutzle in LONG BEACH BARACUDAS zone.
7:28 of 2nd period - Minor Penalty to Rasmus Dahlin for Holding.
7:29 of 2nd period - Jesperi Kotkaniemi wins face-off versus William Karlsson in BOISE CARIBOUS zone.
8:52 of 2nd period - Shot by Seth Jarvis.
8:52 of 2nd period - Stopped by Antti Raanta with a rebound.
11:00 of 2nd period - Off-side.
11:01 of 2nd period - Brock Nelson wins face-off versus Stefan Noesen in neutral zone.
12:29 of 2nd period - Shot by Danton Heinen.
12:29 of 2nd period - Deflect By Tim Stutzle.
12:29 of 2nd period - Shot Misses the Net.
12:32 of 2nd period - Icing by Alex Pietrangelo.
12:33 of 2nd period - Nicklas Backstrom wins face-off versus Jesperi Kotkaniemi in LONG BEACH BARACUDAS zone.
12:44 of 2nd period - Shot by Nicklas Backstrom.
12:44 of 2nd period - Stopped by Antti Raanta without a rebound.
12:45 of 2nd period - Jean-Gabriel Pageau wins face-off versus William Karlsson in BOISE CARIBOUS zone.
12:45 of 2nd period - Jean-Gabriel Pageau is hit by Craig Smith.
13:06 of 2nd period - Craig Smith is hit by Moritz Seider and loses puck.
13:14 of 2nd period - William Karlsson is hit by Moritz Seider.
13:16 of 2nd period - Shot by Craig Smith.
13:16 of 2nd period - Stopped by Antti Raanta without a rebound.
13:17 of 2nd period - Brock Nelson wins face-off versus Charlie Coyle in BOISE CARIBOUS zone.
13:33 of 2nd period - Shot by Nick Schmaltz.
13:33 of 2nd period - Stopped by Martin Jones without a rebound.
13:34 of 2nd period - Nicklas Backstrom wins face-off versus Tim Stutzle in LONG BEACH BARACUDAS zone.
14:53 of 2nd period - Seth Jarvis is hit by Stefan Noesen and loses puck.
15:06 of 2nd period - Shot by Lawson Crouse.
15:06 of 2nd period - Stopped by Martin Jones without a rebound.
15:07 of 2nd period - William Karlsson wins face-off versus Charlie Coyle in LONG BEACH BARACUDAS zone.
15:13 of 2nd period - Off-side.
15:14 of 2nd period - William Karlsson wins face-off versus Charlie Coyle in neutral zone.
15:14 of 2nd period - Arthur Kaliyev is hit by Charlie Coyle and loses puck.
16:13 of 2nd period - Icing by Moritz Seider.
16:14 of 2nd period - Brock Nelson wins face-off versus Charlie Coyle in BOISE CARIBOUS zone.
16:21 of 2nd period - Shot by Brock Nelson.
16:21 of 2nd period - Stopped by Antti Raanta with a rebound.
17:08 of 2nd period - Shot by Lawson Crouse.
17:08 of 2nd period - Stopped by Martin Jones without a rebound.
17:09 of 2nd period - Derek Stepan wins face-off versus Danton Heinen in LONG BEACH BARACUDAS zone.
17:36 of 2nd period - Derek Stepan is hit by Tim Stutzle and loses puck.
17:41 of 2nd period - Shot by Tim Stutzle.
17:41 of 2nd period - Goal by Tim Stutzle - LONG BEACH BARACUDAS : 3 - BOISE CARIBOUS : 1.
17:42 of 2nd period - William Karlsson wins face-off versus Jesperi Kotkaniemi in neutral zone.
18:00 of 2nd period - Shot by William Karlsson.
18:00 of 2nd period - Shot Misses the Net.
18:29 of 2nd period - Minor Penalty to Lawson Crouse for Hooking.
18:30 of 2nd period - Charlie Coyle wins face-off versus Brock Nelson in BOISE CARIBOUS zone.
18:41 of 2nd period - Shot by Seth Jarvis.
18:41 of 2nd period - Shot Blocked by Dmitry Kulikov.
19:09 of 2nd period - Shot by Nicklas Backstrom.
19:09 of 2nd period - Shot Misses the Net.
19:11 of 2nd period - Shot by Seth Jarvis.
19:11 of 2nd period - Shot Hit the Post.
19:13 of 2nd period - Shot by Alex Pietrangelo.
19:13 of 2nd period - Shot Misses the Net.
Goals for this period are 2 for LONG BEACH BARACUDAS vs 1 for BOISE CARIBOUS.
Shots for this period are 10 for LONG BEACH BARACUDAS vs 6 for BOISE CARIBOUS.

3rd period


0:01 of 3rd period - William Karlsson wins face-off versus Jesperi Kotkaniemi in neutral zone.
0:06 of 3rd period - Shot by Taylor Hall.
0:06 of 3rd period - Shot Misses the Net.
0:08 of 3rd period - Shot by Alex Pietrangelo.
0:08 of 3rd period - Stopped by Antti Raanta without a rebound.
0:09 of 3rd period - Jesperi Kotkaniemi wins face-off versus William Karlsson in BOISE CARIBOUS zone.
0:18 of 3rd period - Shot by Taylor Hall.
0:18 of 3rd period - Stopped by Antti Raanta without a rebound.
0:19 of 3rd period - Jesperi Kotkaniemi wins face-off versus Taylor Hall in BOISE CARIBOUS zone.
0:30 of 3rd period - Andre Burakovsky is hit by Boris Katchouk.
0:35 of 3rd period - Off-side.
0:36 of 3rd period - Jean-Gabriel Pageau wins face-off versus Brock Nelson in neutral zone.
1:19 of 3rd period - Minor Penalty to Stefan Noesen for Hooking.
1:20 of 3rd period - William Karlsson wins face-off versus Jesperi Kotkaniemi in BOISE CARIBOUS zone.
3:26 of 3rd period - Icing by Ryan Murray.
3:27 of 3rd period - Derek Stepan wins face-off versus Andre Burakovsky in LONG BEACH BARACUDAS zone.
3:46 of 3rd period - Shot by Robert Fabbri.
3:46 of 3rd period - Stopped by Antti Raanta without a rebound.
3:47 of 3rd period - William Karlsson wins face-off versus Jean-Gabriel Pageau in BOISE CARIBOUS zone.
3:59 of 3rd period - Stefan Noesen is hit by Arthur Kaliyev and loses puck.
4:08 of 3rd period - Shot by Jean-Gabriel Pageau.
4:08 of 3rd period - Stopped by Martin Jones without a rebound.
4:09 of 3rd period - Brock Nelson wins face-off versus Charlie Coyle in LONG BEACH BARACUDAS zone.
4:18 of 3rd period - Shot by Seth Jarvis.
4:18 of 3rd period - Stopped by Antti Raanta without a rebound.
4:19 of 3rd period - Charlie Coyle wins face-off versus Nicklas Backstrom in BOISE CARIBOUS zone.
5:35 of 3rd period - Seth Jarvis is hit by Rasmus Dahlin and loses puck.
5:38 of 3rd period - Shot by Brock Nelson.
5:38 of 3rd period - Stopped by Antti Raanta without a rebound.
5:39 of 3rd period - Jean-Gabriel Pageau wins face-off versus William Karlsson in BOISE CARIBOUS zone.
5:55 of 3rd period - Lawson Crouse is hit by Derrick Pouliot and loses puck.
6:16 of 3rd period - Shot by Jean-Gabriel Pageau.
6:16 of 3rd period - Stopped by Martin Jones with a rebound.
6:18 of 3rd period - Shot by Oliver Kylington.
6:18 of 3rd period - Shot Misses the Net.
6:26 of 3rd period - Jean-Gabriel Pageau is hit by Craig Smith and loses puck.
6:34 of 3rd period - Minor Penalty to Taylor Hall for Hooking.
6:35 of 3rd period - Derek Stepan wins face-off versus Charlie Coyle in LONG BEACH BARACUDAS zone.
7:39 of 3rd period - Off-side.
7:40 of 3rd period - Nolan Patrick wins face-off versus Tim Stutzle in neutral zone.
8:44 of 3rd period - Shot by Taylor Hall.
8:44 of 3rd period - Stopped by Antti Raanta without a rebound.
8:45 of 3rd period - Brock Nelson wins face-off versus Jesperi Kotkaniemi in BOISE CARIBOUS zone.
9:57 of 3rd period - Shot by Arthur Kaliyev.
9:57 of 3rd period - Shot Blocked by Rasmus Dahlin.
11:04 of 3rd period - Seth Jarvis is hit by Moritz Seider and loses puck.
11:07 of 3rd period - Shot by Jared Spurgeon.
11:07 of 3rd period - Stopped by Antti Raanta without a rebound.
11:08 of 3rd period - Brock Nelson wins face-off versus Charlie Coyle in BOISE CARIBOUS zone.
11:09 of 3rd period - Shot by Jared Spurgeon.
11:09 of 3rd period - Stopped by Antti Raanta without a rebound.
11:10 of 3rd period - Brock Nelson wins face-off versus Charlie Coyle in BOISE CARIBOUS zone.
11:11 of 3rd period - Shot by Taylor Hall.
11:11 of 3rd period - Shot Misses the Net.
12:18 of 3rd period - Shot by Lawson Crouse.
12:18 of 3rd period - Shot Misses the Net.
12:20 of 3rd period - Shot by Dmitry Kulikov.
12:20 of 3rd period - Stopped by Martin Jones without a rebound.
12:20 of 3rd period - Minor Penalty to Alex Pietrangelo for Hooking.
12:21 of 3rd period - Tim Stutzle wins face-off versus Derek Stepan in LONG BEACH BARACUDAS zone.
12:34 of 3rd period - Shot by Moritz Seider.
12:34 of 3rd period - Stopped by Martin Jones without a rebound.
12:35 of 3rd period - Charlie Coyle wins face-off versus Derek Stepan in LONG BEACH BARACUDAS zone.
12:46 of 3rd period - Shot by Nick Schmaltz.
12:46 of 3rd period - Stopped by Martin Jones without a rebound.
12:47 of 3rd period - Derek Stepan wins face-off versus Tim Stutzle in LONG BEACH BARACUDAS zone.
13:04 of 3rd period - Shot by Stefan Noesen.
13:04 of 3rd period - Shot Misses the Net.
13:06 of 3rd period - Shot by Oliver Kylington.
13:06 of 3rd period - Stopped by Martin Jones without a rebound.
13:07 of 3rd period - Nolan Patrick wins face-off versus Charlie Coyle in LONG BEACH BARACUDAS zone.
13:43 of 3rd period - Icing by Moritz Seider.
13:44 of 3rd period - Derek Stepan wins face-off versus Charlie Coyle in BOISE CARIBOUS zone.
14:04 of 3rd period - Off-side.
14:05 of 3rd period - Derek Stepan wins face-off versus Tim Stutzle in neutral zone.
14:46 of 3rd period - Minor Penalty to Brock Nelson for Hooking.
14:47 of 3rd period - Derek Stepan wins face-off versus Tim Stutzle in LONG BEACH BARACUDAS zone.
15:40 of 3rd period - Shot by Nick Schmaltz.
15:40 of 3rd period - Stopped by Martin Jones with a rebound.
15:42 of 3rd period - Shot by Rasmus Dahlin.
15:42 of 3rd period - Shot Misses the Net.
15:46 of 3rd period - Shot by Nick Schmaltz.
15:46 of 3rd period - Shot Misses the Net.
15:48 of 3rd period - Shot by Nick Schmaltz.
15:48 of 3rd period - Deflect By Andre Burakovsky.
15:48 of 3rd period - Stopped by Martin Jones without a rebound.
15:49 of 3rd period - Charlie Coyle wins face-off versus Nolan Patrick in LONG BEACH BARACUDAS zone.
15:49 of 3rd period - Charlie Coyle is hit by P.K. Subban.
16:09 of 3rd period - Shot by Moritz Seider.
16:09 of 3rd period - Shot Blocked by Jared Spurgeon.
16:11 of 3rd period - Shot by Rasmus Dahlin.
16:11 of 3rd period - Shot Blocked by Jared Spurgeon.
16:13 of 3rd period - Shot by Andre Burakovsky.
16:13 of 3rd period - Deflect By Nick Schmaltz.
16:13 of 3rd period - Stopped by Martin Jones without a rebound.
16:14 of 3rd period - Derek Stepan wins face-off versus Tim Stutzle in LONG BEACH BARACUDAS zone.
16:58 of 3rd period - Shot by Jesperi Kotkaniemi.
16:58 of 3rd period - Stopped by Martin Jones without a rebound.
16:59 of 3rd period - Charlie Coyle wins face-off versus William Karlsson in LONG BEACH BARACUDAS zone.
17:02 of 3rd period - Shot by Andre Burakovsky.
17:02 of 3rd period - Shot Misses the Net.
17:10 of 3rd period - Shot by Charlie Coyle.
17:10 of 3rd period - Shot Blocked by Alex Pietrangelo.
17:14 of 3rd period - Shot by Andre Burakovsky.
17:14 of 3rd period - Shot Misses the Net.
17:56 of 3rd period - Shot by Lawson Crouse.
17:56 of 3rd period - Shot Misses the Net.
17:58 of 3rd period - Shot by Oliver Kylington.
17:58 of 3rd period - Stopped by Martin Jones without a rebound.
17:59 of 3rd period - Tim Stutzle wins face-off versus Nicklas Backstrom in LONG BEACH BARACUDAS zone.
18:36 of 3rd period - Shot by Artturi Lehkonen.
18:36 of 3rd period - Stopped by Martin Jones without a rebound.
18:37 of 3rd period - Jean-Gabriel Pageau wins face-off versus Brock Nelson in LONG BEACH BARACUDAS zone.
18:37 of 3rd period - Stefan Noesen is hit by Derrick Pouliot and loses puck.
18:46 of 3rd period - Shot by Jean-Gabriel Pageau.
18:46 of 3rd period - Shot Misses the Net.
18:53 of 3rd period - Lawson Crouse is hit by P.K. Subban and loses puck.
19:21 of 3rd period - Jean-Gabriel Pageau is hit by P.K. Subban and loses puck.
19:29 of 3rd period - Icing by Derrick Pouliot.
19:30 of 3rd period - Charlie Coyle wins face-off versus Brock Nelson in LONG BEACH BARACUDAS zone.
Goals for this period are 0 for LONG BEACH BARACUDAS vs 0 for BOISE CARIBOUS.
Shots for this period are 8 for LONG BEACH BARACUDAS vs 12 for BOISE CARIBOUS.


NATHAN
MACKINNON
PHILLIP
DANAULT
CONNOR
MCDAVID

EAST COAST

HOCKEY LEAGUE

  • 25.QUE4CHI5
  • 26.CHA2LIM3
  • 27.TRV2LON3
  • 28.CHW4BAL2
  • 29.PITMAN
  • 30.ATLNHW
  • 31.WORPET
  • 32.RHI